AoeStats
← SparedLace8400

Arena

510097497Analyzed
1v1 RM · 3d ago on Sep 29, 2026· 27m 29s· 2 players
Game mode
Random Map
Map size
Tiny (2 player)
Population
200
Speed
Normal
Resources
Standard
Victory
Conquest
Starting age
Dark Age
Ending age
Imperial Age
RankedLock teamsTeams togetherTeam positionsShared explorationLock speedFull tech treeHidden civsTurbo modeCheats
Victory
Defeat
🇹🇼 Malians · Taiwan
823
+17
🇹🇼 Poles · Taiwan
835
-17
Hs
11:18 Feudal Age
15:11 Castle Age
13:20 Horse Collar
14:01 Double-Bit Axe
14:39 Loom
19:53 Bow Saw
21:12 Forging
22:34 Scale Mail Armor
23:17 Gold Mining
23:15 Arson
23:31 Squires
28:23 Chain Mail Armor
28:44 Iron Casting
SparedLace8400
10:35 Feudal Age
11:44 Double-Bit Axe
16:02 Castle Age
14:39 Stone Mining
16:04 Horse Collar
18:22 Loom
18:42 Fletching
21:59 Wheelbarrow
28:07 Imperial Age
26:52 Bow Saw
Connection lost

Rejoining the realm…

Still unreachable

The connection could not be restored.

Session expired

The server has moved on; the page needs a fresh start.